 Dungeon Crawl Stone Soup version 0.31-a0-188-g5e087ee2ca (webtiles) character file.

Game seed: 3261591741727144330

42 qw the Shooter (level 3, 0/20 HPs)
             Began as a Deep Elf Hunter on June 23, 2023.
             Slain by a goblin
             ... wielding a +0 dagger of protection
              (2 damage)
             ... on level 2 of the Dungeon.
             The game lasted 00:00:22 (1076 turns).

qw the Shooter (Deep Elf Hunter)                    Turns: 1076, Time: 00:00:22

Health: 0/20       AC:  5    Str: 10    XL:     3   Next: 33%
Magic:  5/5        EV: 11    Int: 13    God:
Gold:   101        SH:  0    Dex: 18    Spells: 2/2 levels left

rFire   . . .        Y - +1 shortbow
rCold   . . .        (shield currently unavailable)
rNeg    . . .        j - +0 ring mail
rPois   .            (no helmet)
rElec   .            (no cloak)
rCorr   .            (no gloves)
SInv    .            (no boots)
Will    .....        f - amulet of faith
Stlth   +            (no ring)
HPRegen 0.23/turn    (no ring)
MPRegen 0.09/turn

%: faith
@: about to teleport
A: no striking features
a: no special abilities


You were on level 2 of the Dungeon.
You visited 1 branch of the dungeon, and saw 2 of its levels.

You collected 101 gold pieces.


   Skills:
 - Level 1.5 Fighting
 + Level 6.9 Ranged Weapons
 - Level 2.4 Dodging
 - Level 1.2 Stealth


You had 2 spell levels left.
You didn't know any spells.
Your spell library was empty.

Inventory:

Hand Weapons
 Y - a +1 shortbow (weapon)
Armour
 j - a +0 ring mail (worn)
Jewellery
 f - an amulet of faith (around neck)
Scrolls
 g - 2 scrolls of identify {unknown}
Potions
 a - a potion of brilliance {unknown}
 b - 2 potions of lignification {unknown}
 c - a potion of enlightenment {unknown}
 d - a potion of mutation {unknown}
 e - a potion of curing {unknown}
 i - a potion of berserk rage {unknown}
 l - a potion of might {unknown}

Dungeon Overview and Level Annotations

Branches:
Dungeon (2/15)

Altars:

Shops:
D:1 (


Message History

The adder barely misses you. The goblin closely misses you.
You shoot an arrow.
The arrow hits the adder but does no damage.
The adder bites you. The goblin barely misses you.
The adder closely misses you.
You shoot an arrow. The arrow misses the adder.
The adder barely misses you. The goblin hits you but does no damage.
You shoot an arrow. The arrow barely misses the adder.
The adder bites you.
You are poisoned.
The adder poisons you! The goblin misses you. The adder bites you.
The goblin barely misses you.
You shoot an arrow. The arrow barely misses the adder.
The arrow closely misses the rat.
You feel sick. The adder closely misses you. The goblin closely misses you.
The adder closely misses you.
You shoot an arrow. The arrow misses the adder.
The arrow closely misses the rat.
You feel sick. The adder bites you. The goblin barely misses you.
You shoot an arrow. The arrow misses the adder.
The arrow hits the rat!
You kill the rat!
You feel sick. The adder closely misses you.
The goblin hits you with a +0 dagger of protection.
You shoot an arrow. The arrow hits the adder.
The adder is moderately wounded.
You feel sick.
You are no longer poisoned.
The adder bites you. The goblin completely misses you. The adder bites you.
1074 ||| READING scroll of teleportation.
As you read the scroll of teleportation, it crumbles to dust.
You feel strangely unstable. The adder bites you but does no damage.
The goblin hits you with a +0 dagger of protection.
You shoot an arrow. The arrow hits the adder!
The adder is almost dead.
The adder bites you but does no damage. The goblin hits you but does no damage.
The adder bites you but does no damage.
You shoot an arrow. The arrow misses the adder.
The goblin hits you but does no damage. The adder closely misses you.
The goblin hits you with a +0 dagger of protection.
You die...

########## .........
......gS# #@# #. #.#
#.# #.# #.# #.# #.#
#.####%### #.##.....#
#.##.#.#.##
#...>.....#
#.############.#.#..#


You could see an adder and a goblin.

Vanquished Creatures
  An adder (D:2)
  A dart slug (D:1)
  5 ball pythons (D:1)
  A bat (D:1)
  2 endoplasms
  3 hobgoblins
  4 kobolds
  A quokka (D:1)
  2 frilled lizards (D:1)
  6 goblins
  2 rats (D:2)
28 creatures vanquished.

Notes
Turn   | Place    | Note
-------+----------+-------------------------------------------
     0 | D:1      | qw the Deep Elf Hunter began the quest for the Orb.
     0 | D:1      | Reached XP level 1. HP: 12/12 MP: 3/3
     0 | D:1      | 0 ||| qw: Version: 0.3-a-9-g12657ce
     0 | D:1      | 0 ||| qw: Game counter: 4074
     0 | D:1      | 0 ||| qw: Always use a shield: true
     0 | D:1      | 0 ||| qw: God list: Okawaru
     0 | D:1      | 0 ||| qw: Allow faded altars: false
     0 | D:1      | 0 ||| qw: Do Orc after D:15 true
     0 | D:1      | 0 ||| qw: Do second Lair branch before Depths: true
     0 | D:1      | 0 ||| qw: Lair rune preference: random
     0 | D:1      | 0 ||| qw: Plans: Normal
     0 | D:1      | 0 ||| PLANNING D:1-11
   153 | D:1      | 153 ||| UPGRADING to amulet of faith.
   296 | D:1      | Reached XP level 2. HP: 16/16 MP: 4/4
   334 | D:1      | Reached skill level 6 in Ranged Weapons
   585 | D:1      | Found Byugru's Antique Weapon Shop.
   786 | D:1      | 786 ||| UPGRADING to +0 scale mail.
   796 | D:1      | 796 ||| DROPPING +0 leather armour.
   797 | D:1      | 797 ||| UPGRADING to +0 ring mail.
   807 | D:1      | 807 ||| DROPPING +0 scale mail.
   808 | D:1      | 808 ||| READING scroll labelled XUFISMUGUTUO.
   809 | D:1      | 809 ||| READING scroll labelled OTWEOGOTZI.
   813 | D:1      | 813 ||| DROPPING scroll of butterflies.
   932 | D:2      | Reached XP level 3. HP: 16/20 MP: 5/5
  1073 | D:2      | HP: 5/20 [adder (2)]
  1074 | D:2      | 1074 ||| READING scroll of teleportation.
  1074 | D:2      | HP: 1/20 [goblin/+0 dagger of protection (2)]
  1076 | D:2      | Slain by a goblin

Levels and vault maps discovered:
D:1:      saegor_arrival_simple_c, layout_loops_corners, serial_shops, shop,
          serial_glass, glass_columns_a, glass_columns_b, due_unseen_surprise
D:2:      layout_loops_ring, uniq_crazy_yiuf_cottage

Skill      XL: |  1  2 |
---------------+-------+-----
Ranged Weapons | 6 |  6.9
Fighting       | |  1.5
Dodging        | |  2.4
Stealth        | |  1.2

Action                     || total
---------------------------++-------
   Fire: Shortbow          ||    80
    Use: Scroll            ||     3
 Armour: Leather armour    ||     3
         Ring mail         ||    15
  Dodge: Dodged            ||    31

Table legend:
 A = Non-vault XP
 B = Vault XP
 C = Vault XP percentage of total XP
 D = Non-vault monster count
 E = Vault monster count
 F = Vault count percentage of total count
                 A         B        C        D         E       F
            +---------+---------+-------+---------+---------+-------
      Total |      60 |       0 |   0.0 |      28 |       0 |   0.0
            +---------+---------+-------+---------+---------+-------
        D:1 |      37 |       0 |   0.0 |      21 |       0 |   0.0
        D:2 |      23 |       0 |   0.0 |       7 |       0 |   0.0
            +---------+---------+-------+---------+---------+-------
